 Dungeon Crawl Stone Soup version 0.14-a0-2359-g1e808ab (webtiles) character file.

125 Kae the Firebug (level 4, 0/24 HPs)
             Began as a Tengu Fire Elementalist on Jan 31, 2014.
             Slain by Terence
             ... wielding a +0,+0 short sword
              (2 damage)
             ... on Level 2 of the Dungeon.
             The game lasted 00:03:24 (1526 turns).

Kae the Firebug (Tengu Fire Elementalist)           Turns: 1526, Time: 00:03:24

HP   0/24        AC  3     Str  8      XL: 4   Next: 38%
MP   0/9         EV 12     Int 17      God:
Gold 46          SH  0     Dex 12      Spells:  1 memorised,  7 levels left

rFire  . . .     SeeInvis .     u - +2,+3 orc dagger (venom)
rCold  . . .     Clarity  .     a - +0 robe
rNeg   . . .     Conserve .     (no shield)
rPois  .         rCorr    .     (helmet restricted)
rElec  .         rRot     .     (no cloak)
SustAb . .       Spirit   .     f - +1 pair of dwarf gloves
rMut   .         Warding  .     (boots unavailable)
Saprov . . .     Stasis   .     (no amulet)
MR     .....                    (no ring)
                                (no ring)

@: not resistant to hostile enchantments, fairly stealthy
A: beak, talons 3, clumsy 1, deformed body, sense surroundings 1, wild magic 1
a: no special abilities


You were on level 2 of the Dungeon.
You were not hungry.

You visited 1 branch of the dungeon, and saw 2 of its levels.

You collected 46 gold pieces.

Inventory:

Hand weapons
 u - a +2,+3 orcish dagger of venom (weapon)
Missiles
 l - a dart (quivered)
 o - 6 exploding darts
Armour
 a - a +0 robe (worn)
 f - a +1 pair of dwarven gloves (worn)
Comestibles
 c - a bread ration
 k - a meat ration
 r - a choko
 s - an apple
Scrolls
 h - a scroll of noise
 j - 2 scrolls of identify
 m - 3 scrolls of enchant weapon II
 n - a scroll of fog {unknown}
Jewellery
 g - an uncursed ring of ice
Potions
 e - 2 potions of mutation
Books
 b - a book of Flames

   Spells                             Type                      Level
   *Flame Tongue                      Conjuration/Fire             1
   Throw Flame                        Conjuration/Fire             2
   Conjure Flame                      Conjuration/Fire             3
   Inner Flame                        Hexes/Fire                   3
   Sticky Flame                       Conjuration/Fire             4
   Fireball                           Conjuration/Fire             5


   Skills:
 - Level 2.1 Dodging
 - Level 2.0 Stealth
 + Level 2.5 Spellcasting
 * Level 3.2 Conjurations
 * Level 4.4 Fire Magic


You had 7 spell levels left.
You knew the following spells:

 Your Spells              Type           Power        Failure   Level  Hunger
a - Flame Tongue          Conj/Fire      ###..        11%         1    #......


Dungeon Overview and Level Annotations

Branches:
Dungeon (2/16)

Altars:

Annotations:
D:2 Sigmund, Terence


Innate Abilities, Weirdness & Mutations

You have a beak for a mouth.
You have claws for feet.
You are clumsy. (Dex -2)
Armour fits poorly on your strangely shaped body.
You passively map a small area around you.
Your spells are a little harder to cast, but a little more powerful.


Message History

Aim: a goblin The flame hits the goblin.
You kill the goblin!
Terence hits you but does no damage.
Casting: Flame Tongue
Confirm with . or Enter, or press ? or * to list all spells.
Aiming: Flame Tongue
Press: ? - help, Shift-Dir - straight line, f - Terence
Aim: Terence, wielding a short sword and wearing a dwarven chain mail The flame misses Terence.
Terence hits you with a short sword.
* * * LOW HITPOINT WARNING * * *
Terence barely misses you. Terence hits you with a short sword.
* * * LOW HITPOINT WARNING * * *
There is an open door here.
Drink which item? (? for menu, Esc to quit)
You feel a strange attunement to the structure of the dungeons.
You feel fantastic!
It was a potion of beneficial mutation.
Terence hits you with a short sword.
You die...

.... #.>..... , ... *
#....... , ... , #.......
, #'# * #####.## #@# ###.#
* * #%## ###...# #.g##
##...### ##@.# #..###
########@##### ##'#######
#............# #.........
, , +............#
#......... ,
#............# #.........
,
#............###.........
,
#............#.'.........
**#............'.#........
........<...########### *
...........


You could see Sigmund (wandering), Terence and a goblin.

Vanquished Creatures
  3 adders (D:2)
  A giant mite (D:1)
  A giant gecko (D:1)
  An ooze (D:1)
  8 bats
  5 hobgoblins
  6 kobolds
  4 giant cockroaches
  3 giant newts
  7 goblins
  A quokka (D:2)
  5 rats
45 creatures vanquished.

Notes
Turn   | Place    | Note
--------------------------------------------------------------
     0 | D:1      | Kae, the Tengu Fire Elementalist, began the quest for the Orb.
     0 | D:1      | Reached XP level 1. HP: 10/10 MP: 3/3
   173 | D:1      | Reached XP level 2. HP: 13/15 MP: 0/5
   532 | D:1      | Reached XP level 3. HP: 16/19 MP: 7/7
   923 | D:2      | Reached skill level 4 in Fire Magic
  1318 | D:2      | Reached XP level 4. HP: 21/24 MP: 9/9
  1365 | D:2      | Noticed Sigmund
  1498 | D:2      | Noticed Terence
  1516 | D:2      | Gained mutation: You are clumsy. (Dex -2) [potion of mutation]
  1516 | D:2      | Gained mutation: Armour fits poorly on your strangely shaped body. [potion of mutation]
  1516 | D:2      | Gained mutation: Your spells are a little harder to cast, but a little more powerful. [potion of mutation]
  1526 | D:2      | Gained mutation: You passively map a small area around you. [potion of beneficial mutation]
  1526 | D:2      | Slain by Terence

Action                   |  1- 3 |  4- 6 || total
-------------------------+-------+-------++-------
Melee: Unarmed           |    53 |       ||    53
       Dagger            |    17 |     4 ||    21
 Cast: Flame Tongue      |    53 |    10 ||    63
  Use: Scroll            |       |     6 ||     6
       Potion            |       |     2 ||     2
 Stab: Sleeping          |       |     1 ||     1
